[Event "Titled Tuesday Blitz November 08 Early 2022"]
[White "Simonovic, Miroslav"]
[Black "Farmani Anosheh, Armin"]
[WhiteFideId "919152"]
[BlackFideId "24613240"]
[WhiteElo "2043"]
[BlackElo "2289"]
[Result "0-1"]
[Round "11"]
[TimeControl "180+1"]
[Date "2022.11.09"]
[WhiteClock "0:00:09"]
[BlackClock "0:00:10"]

1. d4 Nf6 2. Bg5 d5 3. Bxf6 gxf6 4. e3 c5 5. c4 Nc6 6. dxc5 Qa5+ 7. Qd2 dxc4 8. Bxc4 Qxd2+ 9. Nxd2 e6 10. Nb3 a5 11. a4 Bd7 12. Nf3 f5 13. Nfd4 Bg7 14. O-O-O Ke7 15. Nb5 Rhc8 16. Kb1 Nb4 17. g3 Na6 18. Nd6 Rc7 19. Bxa6 bxa6 20. Nxa5 Rb8 21. b3 Rxc5 22. Ndc4 e5 23. Ka2 Be6 24. Rd2 e4 25. Rhd1 Rb4 26. Rd6 Bc3 27. Rxa6 Rb8 28. Ra7+ Kf6 29. Ra6 Kg7 30. Rdd6 Bxa5 31. Nxa5 Rc2+ 32. Ka3 Rxf2 33. Ra7 Kf6 34. Nc6 Rxb3# 0-1


[Site "https://www.chess.com"]

[Event "Titled Tuesday Blitz November 08 Early 2022"]
[White "Sovetbekova, Nurai"]
[Black "Orlov, Georgi"]
[WhiteFideId "13801910"]
[BlackFideId "2011271"]
[WhiteElo "1925"]
[BlackElo "2552"]
[Result "1/2-1/2"]
[Round "11"]
[TimeControl "180+1"]
[Date "2022.11.09"]
[WhiteClock "0:00:05"]
[BlackClock "0:00:06"]

1. d4 Nf6 2. c4 Nc6 3. Nf3 e6 4. g3 Bb4+ 5. Nbd2 d5 6. Bg2 dxc4 7. O-O c3 8. bxc3 Bxc3 9. Rb1 Bxd4 10. Qa4 O-O 11. Ba3 Re8 12. Rfd1 Bb6 13. Nc4 Nd7 14. Rd2 Qf6 15. Bb2 Qh6 16. Rbd1 Nc5 17. Qc2 f6 18. Ba3 Qg6 19. Qc1 Qf7 20. Nxb6 axb6 21. Bxc5 bxc5 22. Qxc5 Ra5 23. Qc3 Ra6 24. e3 e5 25. Bf1 Ra4 26. Bb5 Re4 27. Bxc6 bxc6 28. Qxc6 Rc4 29. Qb5 c6 30. Qb8 h6 31. Rd8 Kh7 32. Qxc8 Rxd8 33. Qxd8 Ra4 34. Qd3+ e4 35. Qc2 Rxa2 36. Qxe4+ f5 37. Qd4 Qh5 38. Kg2 Ra5 39. Ne5 Rd5 40. Qxd5 cxd5 41. Rxd5 f4 42. exf4 Qe8 43. Rd7 Qe6 44. Rd2 Qf5 45. Re2 Qb1 46. Re3 Qb7+ 47. Nf3 Qc6 48. Re5 Qb7 49. h3 Qc6 50. Re3 Qb7 51. Kg1 Qd5 52. Kg2 Qd1 53. Re5 Qd3 54. Re3 Qd5 55. Re7 Qc6 56. Re5 Qb7 57. Rc5 Qe4 58. Rc7 Qd5 59. Rc3 Qb7 60. Re3 Qc6 61. Kf1 Qb5+ 62. Kg2 Qd5 63. Kh2 Qa2 64. Kg1 Qb1+ 65. Re1 Qd3 66. Re3 Qd5 67. Kg2 Qc6 68. Re5 Qb7 69. Re3 Qc6 1/2-1/2


[Site "https://www.chess.com"]

[Event "Titled Tuesday Blitz November 08 Early 2022"]
[White "Streltsov, Alexey"]
[Black "Wagner, Dennis"]
[WhiteFideId "24104434"]
[BlackFideId "24650684"]
[WhiteElo "2590"]
[BlackElo "2470"]
[Result "0-1"]
[Round "11"]
[TimeControl "180+1"]
[Date "2022.11.09"]
[WhiteClock "0:00:27"]
[BlackClock "0:00:18"]

1. d4 d5 2. Bf4 c5 3. e3 Nc6 4. Nc3 cxd4 5. exd4 a6 6. Nf3 Bg4 7. Be2 e6 8. a3 Bxf3 9. Bxf3 Bd6 10. Qd2 Nge7 11. O-O Rc8 12. Ne2 O-O 13. g3 Nf5 14. Bg4 Bxf4 15. Qxf4 Nd6 16. c3 Nc4 17. Rab1 Qd6 18. Qxd6 Nxd6 19. Nf4 Rfe8 20. Rbe1 Kf8 21. Nd3 g6 22. Bh3 h5 23. Bg2 Na5 24. Re2 Nac4 25. Rfe1 a5 26. Nc5 Rc6 27. Bxd5 exd5 28. Nd7+ Kg7 29. Rxe8 Nxe8 30. Rxe8 Nxb2 31. Re7 Rc7 32. Re2 Nc4 33. Nc5 Nxa3 34. Re5 Nb5 35. Na4 Nxc3 36. Nxc3 Rxc3 37. Rxd5 a4 38. Ra5 a3 39. Kf1 b5 40. Ke2 b4 41. Kd2 Kf6 42. Ra6+ Ke7 43. d5 Rb3 44. Ra7+ Kd6 45. Rxf7 a2 46. Kc1 a1=Q+ 0-1


[Site "https://www.chess.com"]

[Event "Titled Tuesday Blitz November 08 Early 2022"]
[White "Tari, Aryan"]
[Black "Svane, Rasmus"]
[WhiteFideId "1510045"]
[BlackFideId "4657101"]
[WhiteElo "2612"]
[BlackElo "2674"]
[Result "1-0"]
[Round "11"]
[TimeControl "180+1"]
[Date "2022.11.08"]
[WhiteClock "0:00:06"]
[BlackClock "0:00:02"]

1. e4 c6 2. d4 d5 3. e5 Bf5 4. Be3 e6 5. Nd2 Qb6 6. Qc1 c5 7. Ngf3 Nc6 8. Nb3 c4 9. Nc5 Nb4 10. c3 Nc2+ 11. Kd2 Nxa1 12. Qxa1 Qc6 13. a4 b6 14. Na6 Qb7 15. Nb4 a5 16. Nc2 b5 17. axb5 Qxb5 18. Be2 Ne7 19. Nh4 Be4 20. Na3 Qb6 21. f3 Bg6 22. Bd1 Nc6 23. Nxg6 hxg6 24. Ba4 Be7 25. Nxc4 Qc7 26. Nxa5 Rxa5 27. Bxc6+ Kf8 28. Ba4 f6 29. f4 Kf7 30. b3 Rc8 31. Qb2 Qb6 32. Rb1 Ra7 33. Ke2 Qa6+ 34. Kf2 Rac7 35. Rc1 Qd3 36. Qd2 Qxd2+ 37. Bxd2 Bb4 38. Ke2 Bxc3 39. Be3 Bb2 40. Rxc7+ Rxc7 41. g4 Rc2+ 42. Kd3 Rxh2 43. b4 Rh3 44. Ke2 g5 45. f5 fxe5 46. Bd7 exf5 47. dxe5 Bxe5 48. Bxf5 d4 49. Bxg5 Rb3 50. Bd2 g6 51. Bd3 Rb2 52. Kd1 Kf6 53. Kc1 Ra2 54. b5 Bc7 55. g5+ Kg7 56. Kd1 Bb6 57. Bf4 Ra3 58. Be5+ Kf7 59. Ke2 Ke6 60. Bf6 Ra2+ 61. Kf3 Ra3 62. Ke2 Kf7 63. Bc4+ Ke8 64. Bd3 Bc5 65. Bxg6+ Kd7 66. Bd3 Ke6 67. Bc4+ Kf5 68. Bd3+ Ke6 69. Bc4+ Kf5 70. Bd3+ Kf4 71. g6 Ra2+ 72. Kd1 Ke3 73. Bc4 Rg2 74. g7 d3 75. g8=Q Rd2+ 76. Kc1 Rc2+ 77. Kb1 Bd4 78. Qe6+ Kd2 79. Bxd4 Rc1+ 80. Kb2 Rc2+ 81. Kb3 Kc1 82. Qe3+ Kb1 83. Qxd3 Kc1 84. Qxc2# 1-0


[Site "https://www.chess.com"]

[Event "Titled Tuesday Blitz November 08 Early 2022"]
[White "Tarnowska, Aleksandra"]
[Black "Khaliun, Batnasan"]
[WhiteFideId "1180967"]
[BlackFideId "4906276"]
[WhiteElo "1776"]
[BlackElo "1752"]
[Result "0-1"]
[Round "11"]
[TimeControl "180+1"]
[Date "2022.11.09"]
[WhiteClock "0:00:01"]
[BlackClock "0:00:11"]

1. e4 c5 2. Nf3 d6 3. Bb5+ Nd7 4. O-O Nf6 5. Re1 a6 6. Bf1 e5 7. c3 b5 8. d4 cxd4 9. cxd4 Bb7 10. Bd3 Be7 11. Nbd2 exd4 12. Nxd4 Ne5 13. Bb1 g6 14. N2f3 O-O 15. Bh6 Re8 16. Ng5 Nfg4 17. Nxf7 Kxf7 18. Qb3+ d5 19. Bf4 Nc4 20. Qf3 Nf6 21. e5 Ne4 22. Qh3 Kg8 23. Bh6 Ng5 24. Bxg5 Bxg5 25. Ne6 Qe7 26. Nxg5 Qxg5 27. e6 d4 28. Bd3 Ne5 29. Be4 Bxe4 30. Rxe4 Rac8 31. g3 Qf5 32. Qg2 Nf3+ 33. Kh1 Qxe4 34. h4 Qf5 35. g4 Qf4 36. h5 Rxe6 37. Rd1 Rce8 0-1


[Site "https://www.chess.com"]

[Event "Titled Tuesday Blitz November 08 Early 2022"]
[White "Tate, Alan"]
[Black "Fernandez Siles, Luis"]
[WhiteFideId "2401878"]
[BlackFideId "2209420"]
[WhiteElo "2179"]
[BlackElo "2186"]
[Result "0-1"]
[Round "11"]
[TimeControl "180+1"]
[Date "2022.11.09"]
[WhiteClock "0:00:02"]
[BlackClock "0:00:22"]

1. e4 c5 2. d4 cxd4 3. Nf3 Nc6 4. c3 Nf6 5. e5 Nd5 6. Bc4 Nb6 7. Bb3 d6 8. e6 Bxe6 9. Bxe6 fxe6 10. Ng5 Qd7 11. Qf3 Ne5 12. Qh3 dxc3 13. Nxc3 O-O-O 14. f4 Nc6 15. Nxe6 Kb8 16. Nxd8 Qxd8 17. O-O e5 18. b3 Be7 19. Bb2 exf4 20. Rxf4 Bf6 21. Nd1 Bxb2 22. Nxb2 Nd5 23. Rf2 Re8 24. Raf1 Qb6 25. Nc4 Qd4 26. Kh1 b5 0-1


[Site "https://www.chess.com"]

[Event "Titled Tuesday Blitz November 08 Early 2022"]
[White "Ter-Sahakyan, Samvel"]
[Black "Fernandez Guillen, Ernesto J."]
[WhiteFideId "13302531"]
[BlackFideId "3512428"]
[WhiteElo "2584"]
[BlackElo "2450"]
[Result "1-0"]
[Round "11"]
[TimeControl "180+1"]
[Date "2022.11.08"]
[WhiteClock "0:00:06"]
[BlackClock "0:00:04"]

1. d4 Nf6 2. Bg5 g6 3. Nd2 d5 4. e3 Bg7 5. Ngf3 O-O 6. Be2 b6 7. O-O Bb7 8. c4 Nbd7 9. cxd5 Nxd5 10. Rc1 c5 11. Nc4 h6 12. Bh4 cxd4 13. Nxd4 Nc5 14. Bf3 Rc8 15. Qe2 Bxd4 16. exd4 Ne6 17. Qe5 Ba8 18. h3 b5 19. Bxd5 Qxd5 20. Qxd5 Bxd5 21. Ne3 Bxa2 22. Bxe7 Nxd4 23. Ra1 Rfe8 24. Bf6 Ne2+ 25. Kh2 Re6 26. Bh4 Bc4 27. Rxa7 g5 28. Nxc4 Rxc4 29. Bg3 Rc2 30. b4 Rb2 31. Rd1 Nxg3 32. Kxg3 Rxb4 33. Rdd7 Rf6 34. f3 h5 35. Rd5 h4+ 36. Kh2 Rb2 37. Rxg5+ Rg6 38. Rxg6+ fxg6 39. Rb7 b4 40. f4 Rb1 41. g4 Rb2+ 42. Kg1 Kf8 43. g5 b3 44. Kf1 Rb1+ 45. Kg2 Rb2+ 46. Kf3 Rb1 47. Kg4 b2 48. Kxh4 Kg8 49. Rb3 Kf7 50. Rb6 Ke7 51. Rb5 Ke6 52. Rb3 Kf5 53. Rb4 Ke6 54. Rb5 Ke7 55. Rb6 Kf7 56. Rf6+ Ke7 57. Rb6 Kf7 58. Rb4 Ke6 59. Rb5 Kd6 60. f5 gxf5 61. g6 Rg1 62. Rxb2 Ke5 63. Kh5 f4 64. Rb5+ Ke4 65. Kh6 f3 66. Rb4+ Kf5 67. Rb5+ Kf4 68. Rb4+ Kf5 69. Rb5+ Kf4 70. Rb2 Ke3 71. g7 f2 72. Rxf2 Kxf2 73. h4 Kf3 74. h5 Kf4 75. Kh7 Rg5 76. h6 Kf5 77. g8=Q Rxg8 78. Kxg8 Kg6 79. h7 1-0


[Site "https://www.chess.com"]

[Event "Titled Tuesday Blitz November 08 Early 2022"]
[White "Timofeev, Artyom"]
[Black "Fernandez De La Vara, Arnaldo"]
[WhiteFideId "4140419"]
[BlackFideId "3518388"]
[WhiteElo "2586"]
[BlackElo "2387"]
[Result "1-0"]
[Round "11"]
[TimeControl "180+1"]
[Date "2022.11.08"]
[WhiteClock "0:00:31"]
[BlackClock "0:00:03"]

1. e4 c5 2. Nf3 e6 3. d4 cxd4 4. Nxd4 a6 5. Bd3 Nf6 6. O-O d6 7. Qe2 g6 8. c4 Bg7 9. Nc3 O-O 10. Kh1 Nbd7 11. f4 Qc7 12. Bd2 b6 13. Rae1 Bb7 14. Nf3 Rad8 15. b3 Rfe8 16. Bb1 Nc5 17. Ng5 Nh5 18. Rc1 Qe7 19. Nf3 Nf6 20. Rce1 Qc7 21. Qf2 Qb8 22. b4 Ncd7 23. Qh4 Nh5 24. Ne2 Qa8 25. Nc3 Rc8 26. f5 Rxc4 27. fxe6 fxe6 28. Nd1 d5 29. Ne3 dxe4 30. Ng5 Rcc8 31. Bxe4 Ne5 32. Bxb7 Qxb7 33. Ng4 Nd3 34. Rd1 Rf8 35. Nxe6 Rxf1+ 36. Rxf1 Qe4 37. Nh6+ Bxh6 38. Qxe4 1-0


[Site "https://www.chess.com"]

[Event "Titled Tuesday Blitz November 08 Early 2022"]
[White "Tleptsok, Ruslan"]
[Black "Durarbayli, Vasif"]
[WhiteFideId "24104485"]
[BlackFideId "13402935"]
[WhiteElo "2130"]
[BlackElo "2586"]
[Result "0-1"]
[Round "11"]
[TimeControl "180+1"]
[Date "2022.11.08"]
[WhiteClock "0:00:05"]
[BlackClock "0:00:06"]

1. e4 c5 2. Nf3 d6 3. c3 Nf6 4. Bc4 e6 5. Qe2 a6 6. a4 Be7 7. d4 cxd4 8. cxd4 d5 9. exd5 exd5 10. Bd3 Nc6 11. O-O Bg4 12. Be3 O-O 13. Nc3 Re8 14. h3 Bh5 15. g4 Bg6 16. Bxg6 hxg6 17. Ne5 Bb4 18. Nxc6 bxc6 19. Qf3 Bxc3 20. bxc3 Ne4 21. Rac1 Qa5 22. c4 Qxa4 23. cxd5 cxd5 24. Rc7 Rf8 25. Rb1 Rac8 26. Ra7 Qc6 27. Rbb7 Nd6 28. Re7 Rce8 29. Red7 Re6 30. h4 Rf6 31. Qg3 Ne4 32. Qg2 Qc2 33. Rxd5 Nc3 34. Rc5 Qd3 35. Ra8 Ne4 36. Rxf8+ Kxf8 37. Rc8+ Ke7 38. Kh2 a5 39. Ra8 Rc6 40. Bg5+ f6 41. Be3 Rc2 42. Qf3 Kf7 43. g5 f5 44. Ra7+ Kg8 45. h5 Qc4 46. Ra8+ Kh7 47. hxg6+ Kxg6 48. Rf8 Qc7+ 49. Bf4 Qd7 50. Be5 Rxf2+ 51. Qxf2 Nxf2 52. Rg8 Ng4+ 53. Kg3 Nxe5 0-1


[Site "https://www.chess.com"]

[Event "Titled Tuesday Blitz November 08 Early 2022"]
[White "Tokhirjonova, Gulrukhbegim"]
[Black "Harsh Suresh"]
[WhiteFideId "14203626"]
[BlackFideId "45018464"]
[WhiteElo "2236"]
[BlackElo "2227"]
[Result "0-1"]
[Round "11"]
[TimeControl "180+1"]
[Date "2022.11.09"]
[WhiteClock "0:00:11"]
[BlackClock "0:00:08"]

1. e4 c6 2. d4 d5 3. e5 Bf5 4. Nf3 e6 5. Be2 c5 6. O-O Nc6 7. c4 dxc4 8. Be3 Nge7 9. dxc5 Nd5 10. Bd4 Nxd4 11. Qxd4 Rc8 12. Bxc4 Bxc5 13. Bb5+ Kf8 14. Qa4 a6 15. Be2 Qb6 16. Nc3 Qxb2 17. Nxd5 Qxe2 18. Qd7 exd5 19. Qxf5 Re8 20. Ng5 f6 21. exf6 Qe5 22. fxg7+ Kxg7 23. Qd7+ Re7 24. Qg4 h5 25. Qh4 Qf6 26. Rac1 Bd6 27. f4 Kh6 28. g4 Kg6 29. f5+ Kg7 30. gxh5 Kh6 31. Nf3 Qxh4 32. Nxh4 Rg8+ 33. Ng6 Re2 34. Rce1 Rge8 35. Rxe2 Rxe2 36. f6 Kxh5 37. Nf4+ Bxf4 38. Rxf4 Re8 39. f7 Rf8 40. Kf2 Kg5 41. Rf3 Kg6 42. Ke3 Rxf7 43. Rxf7 Kxf7 44. Kd4 Ke6 45. a4 b5 46. axb5 axb5 47. h4 b4 48. h5 Kf6 49. Kd3 Kg5 50. Kc2 d4 51. Kb3 d3 0-1


[Site "https://www.chess.com"]

[Event "Titled Tuesday Blitz November 08 Early 2022"]
[White "Trifan, Andrei Ioan"]
[Black "Khamdamova, Afruza"]
[WhiteFideId "12967068"]
[BlackFideId "14210444"]
[WhiteElo "2208"]
[BlackElo "2018"]
[Result "1/2-1/2"]
[Round "11"]
[TimeControl "180+1"]
[Date "2022.11.09"]
[WhiteClock "0:00:19"]
[BlackClock "0:00:12"]

1. e4 e5 2. Nf3 Nc6 3. Bc4 Nf6 4. d3 Bc5 5. a4 a5 6. h3 O-O 7. Nbd2 d6 8. c3 h6 9. g4 Be6 10. g5 hxg5 11. Nxg5 Bxc4 12. Nxc4 d5 13. exd5 Qxd5 14. Rg1 e4 15. Be3 exd3 16. Bxc5 Qxc5 17. Qxd3 Rad8 18. Qe2 Rfe8 19. Ne3 Ne5 20. Kf1 Ng6 21. Qc4 Qxc4+ 22. Nxc4 Nf4 23. Rg3 Ne4 24. Nxe4 Rxe4 25. b3 b6 26. Re1 Rde8 27. Rxe4 Rxe4 28. Rg4 f5 29. Rg5 g6 30. h4 Kf7 31. Ne3 Kf6 32. Rg3 c6 33. Nc4 b5 34. axb5 cxb5 35. Nxa5 Nh5 36. Rh3 Nf4 37. Re3 Nd5 38. Rxe4 fxe4 39. c4 bxc4 40. bxc4 Nc7 41. Ke2 Kf5 42. Ke3 Ne6 43. Nc6 Nc5 44. f3 exf3 45. Kxf3 Ne6 46. Ne7+ Kf6 47. Nd5+ Kf5 48. Ne3+ Kf6 49. Kg4 Ke5 50. Ng2 Ke4 51. Nf4 Nxf4 52. c5 Ne6 53. c6 Kd5 54. c7 Nxc7 55. Kg5 Ne6+ 56. Kxg6 Ke5 57. Kf7 Nf4 58. h5 Nxh5 1/2-1/2


[Site "https://www.chess.com"]

[Event "Titled Tuesday Blitz November 08 Early 2022"]
[White "Vargas, Mauricio"]
[Black "Clawitter, Craig"]
[WhiteFideId "4404572"]
[BlackFideId "2023105"]
[WhiteElo "2025"]
[BlackElo "2174"]
[Result "0-1"]
[Round "11"]
[TimeControl "180+1"]
[Date "2022.11.09"]
[WhiteClock "0:00:01"]
[BlackClock "0:00:09"]

1. e4 e6 2. Nc3 d5 3. e5 c5 4. f4 Nc6 5. Nf3 Nh6 6. Bb5 Bd7 7. Bxc6 Bxc6 8. O-O Nf5 9. Qe1 Be7 10. d3 O-O 11. Ne2 Rc8 12. c3 b5 13. g4 Nh4 14. g5 Nf5 15. Nh4 d4 16. Nxf5 exf5 17. c4 bxc4 18. dxc4 d3 19. Ng3 Qd4+ 20. Be3 Qxc4 21. Nxf5 Rfe8 22. Rc1 Qe4 23. Nxe7+ Rxe7 24. Qg3 c4 25. Bc5 Rd7 26. Bb4 d2 27. Rcd1 Rd3 28. Rxd2 Rxg3+ 29. hxg3 Qh1+ 30. Kf2 Qf3+ 0-1


[Site "https://www.chess.com"]

[Event "Titled Tuesday Blitz November 08 Early 2022"]
[White "Volkov, Maksim"]
[Black "Jumabayev, Rinat"]
[WhiteFideId "54123070"]
[BlackFideId "13702661"]
[WhiteElo "2257"]
[BlackElo "2561"]
[Result "1-0"]
[Round "11"]
[TimeControl "180+1"]
[Date "2022.11.09"]
[WhiteClock "0:00:14"]
[BlackClock "0:00:05"]

1. d4 d6 2. c4 e5 3. Nf3 e4 4. Nfd2 f5 5. Nc3 c6 6. e3 d5 7. a3 Nf6 8. b4 h5 9. Be2 h4 10. h3 g5 11. f3 Bd6 12. O-O Qe7 13. cxd5 cxd5 14. fxe4 dxe4 15. Nc4 Bg3 16. d5 O-O 17. d6 Qf7 18. Nb5 Be6 19. Nc7 Bxc4 20. Bxc4 Qxc4 21. Nxa8 Nc6 22. Nc7 f4 23. Bb2 fxe3 24. Rc1 Bf2+ 25. Kh1 Qa2 26. Rc2 Nd7 27. Qg4 Qf7 28. Qxg5+ Kh7 29. b5 Nce5 30. Bxe5 Qg6 31. Qxg6+ Kxg6 32. Bd4 Rf5 33. Rcxf2 exf2 34. Rxf2 Rg5 35. Re2 Kf5 36. Bxa7 Rg3 37. Re3 Rg8 38. a4 Ne5 39. Bd4 Nc4 40. Re1 Nxd6 41. Nd5 Nc4 42. Ne7+ Kf4 43. Nxg8 e3 44. Nf6 b6 45. Nd5+ Ke4 46. Nxe3 Kxd4 47. Nxc4 Kxc4 48. Re4+ 1-0


[Site "https://www.chess.com"]

[Event "Titled Tuesday Blitz November 08 Early 2022"]
[White "Weetik, Vjacheslav"]
[Black "Bok, Benjamin"]
[WhiteFideId "4153472"]
[BlackFideId "1017063"]
[WhiteElo "2469"]
[BlackElo "2658"]
[Result "0-1"]
[Round "11"]
[TimeControl "180+1"]
[Date "2022.11.08"]
[WhiteClock "0:00:07"]
[BlackClock "0:00:09"]

1. d4 Nf6 2. c4 e6 3. Nf3 d5 4. Nc3 c6 5. e3 Nbd7 6. Bd3 dxc4 7. Bxc4 b5 8. Be2 Bb7 9. O-O a6 10. e4 c5 11. e5 Nd5 12. a4 b4 13. Ne4 cxd4 14. Bg5 Qb6 15. a5 Qa7 16. Qd3 h6 17. Bd2 Be7 18. h4 O-O 19. Rfe1 Rfd8 20. Bd1 Rac8 21. Bc2 Nf8 22. Rad1 Nc3 23. bxc3 dxc3 24. Nd6 cxd2 25. Rxd2 Rc3 26. Qe2 Bxf3 27. gxf3 Bxd6 28. exd6 Qc5 29. Red1 b3 30. Bb1 Qxa5 31. Qe4 Qc5 32. d7 Rc1 33. Kg2 Rxd1 34. Rxd1 Rxd7 35. Rxd7 Nxd7 36. Qh7+ Kf8 37. Qh8+ Ke7 38. Qxg7 Qe5 39. Qxh6 a5 40. Qd2 Qc5 41. Qf4 Qb4 42. Be4 b2 43. Qg5+ Nf6 44. Bb1 a4 45. h5 a3 46. h6 a2 47. Bxa2 b1=Q 48. Bxb1 Qxb1 49. Qc5+ Ke8 50. Qc8+ Ke7 51. Qc5+ Kd7 52. Qd4+ Nd5 53. Qg7 Qg6+ 54. Qxg6 Nf4+ 55. Kg3 Nxg6 56. Kg4 Ke7 57. Kg5 e5 58. Kf5 Nh8 59. Kxe5 f6+ 60. Kf5 Kf7 61. f4 Ng6 62. Kg4 Ne7 63. Kh5 Kg8 64. f5 Kh7 65. Kg4 Kxh6 66. Kf4 Kg7 67. Kg4 Kf7 68. Kf4 Nc8 69. Ke4 Nd6+ 70. Kf4 Ke7 71. Kg4 Kd7 72. f3 Ke8 73. Kf4 Kf7 74. Kg4 Kg7 75. Kf4 Kh6 76. Kg4 Nc4 77. Kf4 Kh5 78. Ke4 Kg5 79. Kd5 Ne3+ 80. Ke4 Nxf5 0-1


[Site "https://www.chess.com"]

[Event "Titled Tuesday Blitz November 08 Early 2022"]
[White "Wieczorek, Oskar"]
[Black "Chigaev, Maksim"]
[WhiteFideId "1133950"]
[BlackFideId "4108116"]
[WhiteElo "2404"]
[BlackElo "2541"]
[Result "1-0"]
[Round "11"]
[TimeControl "180+1"]
[Date "2022.11.08"]
[WhiteClock "0:00:24"]
[BlackClock "0:00:01"]

1. e4 c5 2. Nf3 e6 3. g3 Nc6 4. Bg2 Nf6 5. Nc3 a6 6. O-O Qc7 7. Re1 d6 8. d4 cxd4 9. Nxd4 Rb8 10. a4 Be7 11. Be3 O-O 12. g4 Ne5 13. g5 Nfd7 14. f4 Nc4 15. Nf5 exf5 16. Nd5 Nxe3 17. Rxe3 Qc5 18. b4 Qa7 19. Nxe7+ Kh8 20. Nd5 fxe4 21. Bxe4 Re8 22. Kh1 Nf8 23. a5 Be6 24. Nb6 Nd7 25. Qd4 Nf8 26. Rae1 Rbd8 27. f5 Bd7 28. f6 Ne6 29. fxg7+ Kg8 30. Qf6 Qb8 31. Bxh7+ 1-0


[Site "https://www.chess.com"]

[Event "Titled Tuesday Blitz November 08 Early 2022"]
[White "Wirig, Anthony"]
[Black "Jiang, Andrew"]
[WhiteFideId "615013"]
[BlackFideId "30953510"]
[WhiteElo "2487"]
[BlackElo "1868"]
[Result "1-0"]
[Round "11"]
[TimeControl "180+1"]
[Date "2022.11.09"]
[WhiteClock "0:00:09"]
[BlackClock "0:00:04"]

1. e4 e5 2. Nc3 Nf6 3. Bc4 Nxe4 4. Qh5 Nd6 5. Bb3 Be7 6. Nf3 Nc6 7. h4 Nd4 8. Nxe5 O-O 9. d3 Bf6 10. Ng4 g6 11. Nxf6+ Qxf6 12. Qg5 Re8+ 13. Be3 Qxg5 14. hxg5 N6f5 15. Kd2 Nxe3 16. fxe3 Ne6 17. Ne4 Kg7 18. Bxe6 dxe6 19. Nf6 Rh8 20. Rh6 e5 21. Rah1 Kf8 22. Rxh7 Rxh7 23. Rxh7 Ke7 24. Rh8 b6 25. Re8+ Kd6 26. e4 Bb7 27. Rxa8 Bxa8 28. Ke3 Ke6 29. g3 Bb7 30. c3 Ba8 31. a3 Bb7 32. d4 Ba8 33. Ng4 exd4+ 34. cxd4 Bb7 35. b4 Kd6 36. d5 c5 37. dxc6 Bxc6 38. Kd4 Ke6 39. Ne5 Bb5 40. Ng4 Bc6 41. Nf6 Bb5 42. Nd5 Bc6 43. Nf4+ Kd6 44. e5+ Ke7 45. Kc4 a6 46. Kd4 Bb7 47. Nd5+ Ke6 48. Nxb6 Kf5 49. Nd7 Kxg5 50. Nf6 Kf5 51. a4 Ke6 52. b5 axb5 53. axb5 Bg2 54. Ng4 Bb7 55. Ne3 f6 56. exf6 Kxf6 57. Kc5 Ke5 58. Nc4+ Kf5 59. Nd6+ 1-0


[Site "https://www.chess.com"]

[Event "Titled Tuesday Blitz November 08 Early 2022"]
[White "Xiong, Jeffery"]
[Black "Samunenkov, Ihor"]
[WhiteFideId "2047640"]
[BlackFideId "14187086"]
[WhiteElo "2725"]
[BlackElo "2441"]
[Result "0-1"]
[Round "11"]
[TimeControl "180+1"]
[Date "2022.11.08"]
[WhiteClock "0:00:01"]
[BlackClock "0:00:03"]

1. b4 e5 2. a3 d5 3. Bb2 Bd6 4. Nf3 Qe7 5. e3 Nf6 6. c4 c6 7. d4 e4 8. Nfd2 Be6 9. Nc3 Nbd7 10. Be2 h5 11. b5 h4 12. c5 Bc7 13. Qa4 cxb5 14. Nxb5 Bb8 15. Bc3 a6 16. Bb4 Qd8 17. Nd6+ Bxd6 18. cxd6 h3 19. gxh3 b5 20. Qa5 Nb6 21. Rc1 Nc4 22. Qxd8+ Kxd8 23. Nb3 a5 24. Bd2 Ne8 25. Bxc4 bxc4 26. Nxa5 Nxd6 27. Bb4 Kd7 28. Rg1 g6 29. Bxd6 Kxd6 30. Nb7+ Ke7 31. Ra1 Rhb8 32. Nc5 Rb2 33. a4 Rab8 34. a5 Rb1+ 35. Kd2 R1b2+ 36. Kc3 Rxf2 37. a6 Re2 38. a7 Ra8 39. Rgb1 Rxe3+ 40. Kd2 Rxh3 41. Rb8 Rxh2+ 42. Kc3 Rh3+ 43. Kb4 Rh8 44. Rb7+ Kf6 45. Rf1+ Kg5 46. Rg1+ Kf4 47. Ka5 e3 48. Rf1+ Kg3 0-1


[Site "https://www.chess.com"]

[Event "Titled Tuesday Blitz November 08 Early 2022"]
[White "Yeremyan, Alen"]
[Black "Ovchinnikov, Vsevolod"]
[WhiteFideId "13308998"]
[BlackFideId "24176842"]
[WhiteElo "2159"]
[BlackElo "2376"]
[Result "1-0"]
[Round "11"]
[TimeControl "180+1"]
[Date "2022.11.08"]
[WhiteClock "0:01:57"]
[BlackClock "0:00:01"]

1. c4 Nf6 2. g3 g6 3. Bg2 Bg7 4. e4 d6 5. Ne2 c5 6. O-O Nc6 7. d3 Rb8 8. Nbc3 O-O 9. f4 a6 10. h3 Ne8 11. Be3 b5 12. Qd2 Na5 13. b3 b4 14. Na4 Bxa1 15. Rxa1 Bd7 16. Nb2 Nc6 17. d4 cxd4 18. Nxd4 Nxd4 19. Qxd4 Ng7 20. Rd1 Ne6 21. Qd2 Bc6 22. Nd3 a5 23. f5 Ng7 24. g4 e6 25. f6 Ne8 26. Rf1 Nc7 27. Bh6 Re8 28. Bg7 e5 29. Qh6 Re6 30. Bh8 Ne8 31. g5 a4 32. h4 axb3 33. axb3 Ra8 34. Bh3 Qd7 35. Nf2 Ra2 36. h5 Rb2 37. hxg6 hxg6 38. Bg7 1-0


[Site "https://www.chess.com"]

[Event "Titled Tuesday Blitz November 08 Early 2022"]
[White "Yuan, Qingyu"]
[Black "Faizrakhmanov, Ramil"]
[WhiteFideId "8609772"]
[BlackFideId "24103209"]
[WhiteElo "2359"]
[BlackElo "2437"]
[Result "0-1"]
[Round "11"]
[TimeControl "180+1"]
[Date "2022.11.08"]
[WhiteClock "0:00:01"]
[BlackClock "0:00:29"]

1. e4 c6 2. d4 d5 3. e5 Bf5 4. c4 e6 5. Nc3 Bb4 6. cxd5 Qxd5 7. Ne2 Ne7 8. Ng3 Bg6 9. Be2 Qxg2 10. Bf3 Qh3 11. Bg5 Bf5 12. Qb3 Na6 13. a3 Bxc3+ 14. bxc3 Rb8 15. O-O-O Ng6 16. Rdg1 O-O 17. Bg2 Qg4 18. h4 Nf4 19. Bf1 Qf3 20. Nxf5 exf5 21. Bh6 g6 22. e6 Qxf2 23. Bxf8 Rxf8 0-1


[Site "https://www.chess.com"]

[Event "Titled Tuesday Blitz November 08 Early 2022"]
[White "Zaichenko, Daria"]
[Black "Baches Garcia, Guillermo"]
[WhiteFideId "4197453"]
[BlackFideId "2209764"]
[WhiteElo "2039"]
[BlackElo "2450"]
[Result "1-0"]
[Round "11"]
[TimeControl "180+1"]
[Date "2022.11.09"]
[WhiteClock "0:00:30"]
[BlackClock "0:00:07"]

1. e4 c5 2. Nf3 d6 3. d4 cxd4 4. Nxd4 Nf6 5. Nc3 a6 6. Be3 e5 7. Nb3 Be6 8. f3 Nbd7 9. a4 h5 10. Qd2 Rc8 11. Nd5 Bxd5 12. exd5 Nb6 13. Bxb6 Qxb6 14. g3 g6 15. a5 Qa7 16. Bh3 Bh6 17. Qe2 Rc7 18. c4 O-O 19. Kf1 e4 20. f4 Re8 21. Kg2 e3 22. Rac1 Ne4 23. f5 Rce7 24. fxg6 fxg6 25. Be6+ Kg7 26. Rhf1 Nf2 27. c5 dxc5 28. Nxc5 b6 29. Rxf2 exf2 30. Qe5+ Kh7 31. Ne4 Bg7 32. Ng5+ Kh8 33. Qe4 Rxe6 34. Nxe6 Qf7 35. Rf1 bxa5 36. Rxf2 Qe7 37. Qxg6 a4 38. Rf7 1-0


[Site "https://www.chess.com"]

[Event "Titled Tuesday Blitz November 08 Early 2022"]
[White "Zaksaite, Salomeja"]
[Black "Matveeva, Olga"]
[WhiteFideId "12801496"]
[BlackFideId "24107018"]
[WhiteElo "2079"]
[BlackElo "2055"]
[Result "1-0"]
[Round "11"]
[TimeControl "180+1"]
[Date "2022.11.09"]
[WhiteClock "0:00:19"]
[BlackClock "0:00:10"]

1. e4 c6 2. d4 d5 3. exd5 cxd5 4. Bd3 Nf6 5. c3 Nc6 6. Bf4 Bg4 7. Qb3 Qd7 8. Ne2 e6 9. O-O Bd6 10. Bxd6 Qxd6 11. Qxb7 Rb8 12. Qa6 O-O 13. b4 Rb6 14. Qa3 Ne4 15. f3 Bh5 16. fxe4 dxe4 17. Bc4 e5 18. d5 Bxe2 19. Bxe2 Qxd5 20. Qb3 Qd7 21. Na3 a5 22. Nc4 Rbb8 23. Rad1 Qa7+ 24. Kh1 axb4 25. cxb4 Rxb4 26. Qc3 Qxa2 27. Nd2 e3 28. Qxe3 Rb2 29. Bc4 Qa8 30. Bd5 Qa6 31. Nc4 Rc2 32. Nd6 Nd4 33. Qxe5 Ne2 34. Nxf7 1-0


[Site "https://www.chess.com"]

[Event "Titled Tuesday Blitz November 08 Early 2022"]
[White "Zhigalko, Sergei"]
[Black "Matinian, Nikita"]
[WhiteFideId "13502956"]
[BlackFideId "24129100"]
[WhiteElo "2662"]
[BlackElo "2422"]
[Result "1-0"]
[Round "11"]
[TimeControl "180+1"]
[Date "2022.11.08"]
[WhiteClock "0:02:07"]
[BlackClock "0:02:15"]

1. e4 e5 2. Nf3 Nc6 3. Bb5 a6 4. Ba4 Nf6 5. O-O Be7 6. Re1 b5 7. Bb3 d6 8. c3 O-O 9. h3 Nb8 10. d4 Nbd7 11. Nbd2 Bb7 12. Bc2 Re8 13. Nf1 Bf8 14. Ng3 g6 15. b3 Bg7 16. d5 c6 17. dxc6 Bxc6 18. Qxd6 Rc8 19. Bb2 Bf8 20. Qd2 Qb6 21. Rad1 Nc5 22. Qg5 h6 23. Qxf6 1-0


[Site "https://www.chess.com"]